 Dungeon Crawl Stone Soup version 0.16.1-51-g6203257 (webtiles) character file.

69 DeXoteric the Chopper (level 4, -6/39 HPs)
             Began as a Hill Orc Berserker on July 10, 2015.
             Was a Believer of Trog.
             Mangled by an ice beast (10 damage)
             ... on level 3 of the Dungeon.
             The game lasted 00:04:30 (2504 turns).

DeXoteric the Chopper (Hill Orc Berserker)          Turns: 2504, Time: 00:04:31

Health: -6/39      AC:  4    Str: 20    XL:     4   Next: 20%
Magic:  4/4        EV: 12    Int:  7    God:    Trog [**....]
Gold:   110        SH:  0    Dex: 10    Spells: 0 memorised, 3 levels left

rFire  . . .     SeeInvis .     a - +0 hand axe
rCold  . . .     Clarity  .     b - +0 animal skin
rNeg   . . .     SustAb   .     (no shield)
rPois  .         Gourm    .     g - +1 hat
rElec  .         Spirit   .     (no cloak)
rCorr  +         Warding  .     (no gloves)
rMut   .         Stasis   .     o - +0 pair of boots (curse)
MR     .....                    l - amulet of resist corrosion
Stlth  +.........               (no ring)
                                (no ring)

@: not resistant to hostile enchantments, very unstealthy
A: no striking features
a: Burn Spellbooks, Berserk, Trog's Hand, Renounce Religion


You were on level 3 of the Dungeon.
You worshipped Trog.
Trog was pleased with you.
You were very hungry.

You visited 1 branch of the dungeon, and saw 3 of its levels.

You collected 110 gold pieces.


   Skills:
 - Level 3.6 Fighting
 + Level 6.5 Axes
 - Level 2.1 Armour
 - Level 1.5 Dodging


You had 3 spell levels left.
You didn't know any spells.

Inventory:

Hand weapons
 a - a +0 hand axe (weapon)
Missiles
 f - 2 throwing nets {=f}
Armour
 b - a +0 animal skin (worn)
 g - a +1 hat (worn)
 o - a cursed +0 pair of boots (worn)
Jewellery
 l - an amulet of resist corrosion (around neck)
Scrolls
 e - 2 scrolls of teleportation {unknown}
 i - 3 scrolls of random uselessness {unknown}
 j - 2 scrolls of noise {unknown}
 m - 2 scrolls of identify {unknown}
 q - a scroll of remove curse {unknown}
 r - a scroll of immolation {unknown}
Potions
 d - a potion of brilliance {unknown}
 h - a potion of curing {unknown}
 n - a potion of haste {unknown}
 p - 2 potions of restore abilities {unknown}
Comestibles
 c - 2 meat rations
 k - a bread ration

Dungeon Overview and Level Annotations

Branches:
Dungeon (3/15)

Altars:
Qazlal

....£...▒
.........▒
.........▒
...Y....▒ ........▒
▒▒▒.▒ ....▒ ...▒
▒..▒ ▒▒▒
▒▒▒.▒▒▒.▒▒▒▒▒.▒
▒.▒▒▒.oY...)......▒
▒....<▒.▒▒▒.▒▒▒▒▒.▒
▒▒▒▒▒▒▒.▒ ▒.▒
▒.▒▒▒▒▒ ▒.▒ ▒.▒
▒▒..<..▒ ▒.▒ ▒.▒
▒▒....... ▒.▒ ▒.▒
▒........ ▒.▒ ▒.▒
▒........
▒.......▒........
.................


You could see an ice beast.


Message History

The ice beast is moderately wounded.
The ice beast barely misses you.
You hit the ice beast.
The ice beast is heavily wounded.
The ice beast hits you. The ice beast freezes you!
You hit the ice beast but do no damage.
The ice beast is heavily wounded.
The ice beast closely misses you.
You hit the ice beast.
The ice beast is severely wounded.
The ice beast closely misses you.
You hit the ice beast.
The ice beast is severely wounded.
The ice beast closely misses you.
You are feeling very hungry.
You hit the ice beast but do no damage.
The ice beast is severely wounded.
The ice beast closely misses you.
You hit the ice beast.
The ice beast is almost dead.
The ice beast hits you.
* * * LOW HITPOINT WARNING * * *
The ice beast freezes you!
* * * LOW HITPOINT WARNING * * *
You hit the ice beast but do no damage.
The ice beast is almost dead.
The ice beast hits you.
* * * LOW HITPOINT WARNING * * *
The ice beast freezes you!
You die...

Action                   |  1- 3 |  4- 6 || total
-------------------------+-------+-------++-------
Melee: Hand axe          |   120 |    21 ||   141
  Eat: Chunk             |     4 |       ||     4

Vault maps used:
D:1:      dpeg_arrival_rhombus
D:2:      nicolae_qazlal_eye_of_the_storm, first_bread
D:3:      wad_crossroads, nicolae_overflow_hidden_temple, lightli_temple_of_fire

Notes
Turn   | Place    | Note
--------------------------------------------------------------
     0 | D:1      | DeXoteric, the Hill Orc Berserker, began the quest for the Orb.
     0 | D:1      | Reached XP level 1. HP: 19/19 MP: 1/1
   532 | D:1      | Reached XP level 2. HP: 23/26 MP: 2/2
   786 | D:2      | Reached skill level 5 in Axes
  1185 | D:2      | Reached XP level 3. HP: 27/31 MP: 3/3
  1216 | D:2      | Acquired Trog's second power
  1387 | D:2      | Reached skill level 6 in Axes
  2158 | D:2      | Reached XP level 4. HP: 28/39 MP: 4/4
  2281 | D:2      | Found a stormy altar of Qazlal.
  2478 | D:3      | Noticed an ice beast
  2504 | D:3      | Mangled by an ice beast

Vanquished Creatures
  4 adders (D:2)
  2 giant cockroaches
  4 goblins
  5 hobgoblins
  5 kobolds
  3 bats
  2 giant geckos
  4 giant newts
  A quokka (D:3)
  8 rats
38 creatures vanquished.
